 Dungeon Crawl Stone Soup version 0.26-a0-649-gf8c6c3aab7 (webtiles) character file.

Game seed: 10484606800200304044

2702 Peloso the Blocker (level 9, -5/77 HPs)
             Began as a Minotaur Fighter on Sept 26, 2020.
             Killed themself with a badly aimed iceblast (16 damage)
             ... on level 8 of the Dungeon.
             The game lasted 00:13:18 (5761 turns).

Peloso the Blocker (Minotaur Fighter)               Turns: 5761, Time: 00:13:19

Health: -5/77      AC: 14    Str: 22    XL:     9   Next: 38%
Magic:  8/8        EV:  8    Int:  5    God:
Gold:   573        SH: 12    Dex: 12    Spells: 8/8 levels left

rFire    + . .     SeeInvis .   a - +0 long sword
rCold    . . .     Faith    .   c - +0 kite shield
rNeg     . . .     Spirit   .   r - +2 chain mail {rC+}
rPois    .         Reflect  .   C - +2 hat
rElec    .         Harm     .   E - scarf {shadows}
rCorr    .         Rampage  .   (no gloves)
MR       .....                  (no boots)
Stlth    ..........             e - amulet of regeneration
HPRegen  0.62/turn              A - ring of fire
MPRegen  0.11/turn              (no ring)

@: lethally poisoned (-5 -> -6), slowed, very slow
A: retaliatory headbutt, horns 2
a: no special abilities


You were on level 8 of the Dungeon.
You visited 2 branches of the dungeon, and saw 9 of its levels.

You collected 573 gold pieces.

Inventory:

Hand Weapons
 a - a +0 long sword (weapon)
 D - a +0 hand crossbow
Missiles
 q - 26 bolts
Armour
 b - a +0 scale mail
 c - a +0 kite shield (worn)
 r - a +2 chain mail of cold resistance (worn)
 y - a +0 cloak
 C - a +2 hat (worn)
 E - a scarf of shadows (worn)
Jewellery
 e - an amulet of regeneration (around neck)
 A - a ring of fire (left hand)
Wands
 d - a wand of iceblast (13)
 t - a wand of polymorph (14)
Scrolls
 f - 16 scrolls of identify {unknown}
 g - 3 scrolls of blinking {unknown}
 i - 2 scrolls of fog {unknown}
 j - 4 scrolls of amnesia {unknown}
 k - 6 scrolls of teleportation {unknown}
 l - 10 scrolls of remove curse {unknown}
 p - 3 scrolls of magic mapping {unknown}
 v - a scroll of enchant weapon {unknown}
 w - a scroll of enchant armour {unknown}
 B - a scroll of immolation {unknown}
Potions
 h - 3 potions of curing
 m - 4 potions of cancellation {unknown}
 n - 3 potions of mutation {unknown}
 o - a potion of haste {unknown}
 s - 3 potions of heal wounds {unknown}
 u - 4 potions of might
 x - 5 potions of brilliance {unknown}
 z - 2 potions of invisibility {unknown}


   Skills:
 + Level 6.3 Fighting
 + Level 8.9 Long Blades
 + Level 7.3 Armour
 + Level 2.9 Dodging
 + Level 1.7 Stealth
 + Level 9.4 Shields
 + Level 0.4 Evocations


You had 8 spell levels left.
You didn't know any spells.
Your spell library contained the following spells:

 Spells                   Type           Power        Failure   Level
 Apportation              Tloc           #.....       100%        1
 Gell's Gravitas          Tloc           #.........   100%        3
 Summon Guardian Golem    Hex/Summ       #.......     100%        3
 Passage of Golubria      Tloc           N/A          100%        4
 Dragon's Call            Summ           #.........   100%        9


Dungeon Overview and Level Annotations

Branches:
Dungeon (8/15)             Temple (1/1) D:6
   Lair: D:8-11

Altars:
Ashenzari
Cheibriados
Dithmenos
Elyvilon
Fedhas
Gozag
Hepliaklqana
Kikubaaqudgha
Makhleb
Nemelex Xobeh
Qazlal
Sif Muna
Trog
Uskayaw
Vehumet
Wu Jian
Xom
Yredelemnul
The Shining One


Innate Abilities, Weirdness & Mutations

You reflexively headbutt those who attack you in melee.
You have a pair of horns on your head.


Message History

The hornet stings you!
* * * LOW HITPOINT WARNING * * *
You are lethally poisoned!
You feel as though you will be slow longer.
The hornet stings you but does no damage.
The hornet barely misses you. You furiously retaliate!
You headbutt the hornet.
You feel better. The hornet stings you.
* * * LOW HITPOINT WARNING * * *
You are poisoned.
You feel as though you will be slow longer.
The hornet stings you but does no damage.
Evoke which item? (* to show all) (? for menu, Esc to quit)
Aiming: Iceblast
Press: ? - help, Shift-Dir - straight line, f - hornet
Aim: a hornet (severely wounded) That beam is likely to hit you.
Continue anyway?
The mass of ice explodes!
The iceblast engulfs the hornet!
The hornet is almost dead.
The iceblast engulfs you!
You die...

♣≈###(.###.PP
♣♣..(........
♣..(........
≈≈♣.#..........
♣....)........
##.####.######
..............
.###.###.######
.....y@.......
###.##..##.###
#..# .. #..# ..
#..# # #..#
#..#


You could see a hornet.

Vanquished Creatures
  A troll (D:7)
  Grinder (D:5)
  A wyvern (D:7)
  A water moccasin (D:7)
  An orc warrior (D:7)
  An ice beast (D:6)
  2 phantoms (D:7)
  3 centaurs
  3 bullfrogs
  A scorpion (D:4)
  5 wights (D:7)
  3 howler monkeys
  2 hounds
  A quasit (D:6)
  A jelly (D:6)
  Crazy Yiuf (D:2)
  2 bullfrog skeletons
  3 centaur skeletons
  An orc priest (D:7)
  6 orc wizards
  Ijyb (D:3)
  5 worker ants
  2 killer bee zombies
  2 gnolls (D:3)
  5 adders
  2 shadow imps
  A white imp (D:6)
  2 oozes
  An adder zombie (D:5)
  An adder skeleton (D:6)
  2 worms
  A dart slug (D:3)
  6 leopard geckos
  12 orcs
  3 ball pythons
  9 bats
  2 giant cockroaches (D:1)
  10 goblins
  10 hobgoblins
  4 jackals (D:1)
  7 quokkas
  7 frilled lizards
  7 kobolds
  A quokka skeleton (D:6)
  A quokka zombie (D:5)
  8 rats
152 creatures vanquished.

Vanquished Creatures (others)
  42 plants
42 creatures vanquished.

Grand Total: 194 creatures vanquished

Notes
Turn   | Place    | Note
-------+----------+-------------------------------------------
     0 | D:1      | Peloso the Minotaur Fighter began the quest for the Orb.
     0 | D:1      | Reached XP level 1. HP: 19/19 MP: 0/0
    54 | D:1      | Reached XP level 2. HP: 27/27 MP: 1/1
   110 | D:1      | Reached skill level 4 in Shields
   376 | D:1      | Reached XP level 3. HP: 32/33 MP: 2/2
  1134 | D:2      | Reached XP level 4. HP: 33/40 MP: 3/3
  1504 | D:2      | Found a runed translucent door.
  1505 | D:2      | Noticed Crazy Yiuf
  1727 | D:3      | Noticed Ijyb
  1734 | D:3      | Paralysed by Ijyb for 5 turns
  1741 | D:3      | Killed Ijyb
  2038 | D:3      | Reached XP level 5. HP: 46/46 MP: 4/4
  2398 | D:3      | Found a hazy altar of Hepliaklqana.
  2475 | D:2      | Killed Crazy Yiuf
  2475 | D:2      | Reached skill level 5 in Shields
  2664 | D:4      | Reached skill level 5 in Armour
  2681 | D:4      | Reached XP level 6. HP: 46/53 MP: 5/5
  2796 | D:4      | Found a shimmering blue altar of Sif Muna.
  2799 | D:4      | Found a radiant altar of Vehumet.
  2802 | D:4      | Found an ornate altar of the Wu Jian Council.
  2803 | D:4      | Found a stormy altar of Qazlal.
  2803 | D:4      | Found a sparkling altar of Nemelex Xobeh.
  2804 | D:4      | Found a glowing golden altar of the Shining One.
  2805 | D:4      | Found a hide-covered altar of Uskayaw.
  2806 | D:4      | Found a broken altar of Ashenzari.
  2808 | D:4      | Found a blossoming altar of Fedhas.
  3159 | D:5      | Entered Level 5 of the Dungeon
  3244 | D:5      | Reached skill level 1 in Dodging
  3270 | D:5      | Reached skill level 5 in Long Blades
  3318 | D:5      | Found a glowing golden altar of the Shining One.
  3517 | D:5      | Noticed Grinder
  3529 | D:5      | Killed Grinder
  3529 | D:5      | Reached skill level 1 in Stealth
  3529 | D:5      | Reached skill level 6 in Shields
  3529 | D:5      | Reached XP level 7. HP: 57/60 MP: 6/6
  3958 | D:6      | Found an opulent altar of Gozag.
  3964 | D:6      | Reached skill level 5 in Fighting
  4130 | D:6      | Reached XP level 8. HP: 63/68 MP: 7/7
  4138 | D:6      | Reached skill level 7 in Shields
  4234 | D:6      | Found a staircase to the Ecumenical Temple.
  4479 | Temple   | Entered the Ecumenical Temple
  4871 | D:7      | Noticed a troll
  4887 | D:7      | Killed a troll
  4887 | D:7      | Reached skill level 8 in Shields
  4928 | D:7      | Reached XP level 9. HP: 64/75 MP: 8/8
  4960 | D:7      | Identified the Papyrus of the Compass and Summoning
  5106 | D:7      | Reached skill level 9 in Shields
  5761 | D:8      | Killed themself with a badly aimed iceblast

Illustrated notes

Levels and vault maps discovered:
D:1:      dpeg_arrival_fog, layout_basic, supply_closet_lemuel
D:2:      layout_basic, uniq_crazy_yiuf_cottage
D:3:      wad_woods_tower, layout_basic, marbit_many_paths, uniq_ijyb
D:4:      layout_loops_ring, minitemple, grunt_decor_arrowhead
D:5:      layout_rooms, nicolae_tso_carved_into_rock, uniq_grinder
D:6:      layout_gridville, minmay_temple_entry_fiery, basic_altar
D:7:      minmay_blocky_corners, layout_loops_cross
D:8:      layout_basic, kennysheep_mini_moat, serial_bayou, serial_bayou_lake_a,
          serial_bayou_pond_a, serial_bayou_shore_a, serial_bayou_pond_e
Temple:   jpeg_temple_island

Skill      XL: |  1  2  3  4  5  6  7  8  9 |
---------------+----------------------------+-----
Shields        | 4 5 6 8 9 |  9.4
Armour         | 4 5 6 7 |  7.3
Long Blades    | 3 4 5 6 8 |  8.9
Fighting       | 4 5 6 |  6.3
Dodging        | 1 2 |  2.9
Stealth        | 1 |  1.7
Evocations     | |  0.4

Action                   |  1- 3 |  4- 6 |  7- 9 || total
-------------------------+-------+-------+-------++-------
Melee: Long sword        |   101 |   170 |   299 ||   570
       Headbutt          |    11 |    32 |    60 ||   103
Evoke: Wand              |       |     4 |       ||     4
  Use: Potion            |     2 |     1 |     1 ||     4
 Stab: Paralysed         |       |     5 |       ||     5
Armor: Scale mail        |    67 |    23 |       ||    90
       Chain mail        |       |    58 |   187 ||   245
Dodge: Dodged            |    45 |    40 |    91 ||   176
Block: Kite shield       |    65 |   103 |   183 ||   351
       Rpst.: Long sword |    16 |    11 |    27 ||    54

Table legend: (Time is in decaauts)
 A = Elapsed time spent in this place.
 B = Non-inter-level travel time spent in this place.
 C = Inter-level travel time spent in this place.
 D = Time resting spent in this place.
 E = Time spent auto-exploring this place.
 F = Levels seen in this place.
 G = Mean time per level.
                   A        B        C        D        E       F      G
               +--------+--------+--------+--------+--------+-----+--------+
         Total |   5917 |   5610 |    307 |    142 |   4003 |   9 |  657.4 |
       Dungeon |   5658 |   5352 |    306 |    142 |   3767 |   8 |  707.2 |
        Temple |    259 |    259 |      0 |      0 |    235 |   1 |  259.0 |
               +--------+--------+--------+--------+--------+-----+--------+

Top non-repeatable levels by time:
     D:7: 996 daAuts
     D:1: 923 daAuts
     D:3: 877 daAuts
     D:6: 824 daAuts
     D:2: 786 daAuts
     D:4: 638 daAuts
     D:5: 563 daAuts
  Temple: 259 daAuts
     D:8: 47 daAuts
